 Dungeon Crawl Stone Soup version 0.18.1-1-g2f07953 (webtiles) character file.

100 oplop the Chiller (level 4, -2/27 HPs)
             Began as an Octopode Ice Elementalist on May 7, 2016.
             Killed from afar by an orc wizard (8 damage)
             ... with a magic dart
             ... on level 3 of the Dungeon.
             The game lasted 00:04:36 (2243 turns).

oplop the Chiller (Octopode Ice Elementalist)       Turns: 2243, Time: 00:04:37

Health: -2/27      AC:  1    Str:  8    XL:     4   Next: 73%
Magic:  7/7        EV: 13    Int: 17    God:
Gold:   131        SH:  0    Dex: 12    Spells: 2 memorised, 4 levels left

rFire  . . .     SeeInvis .     (no weapon)
rCold  . . .     Gourm    .     (no shield)
rNeg   . . .     Faith    .     (helmet restricted)
rPois  .         Spirit   .     (no amulet)
rElec  .         Dismiss  .     (no ring)
rCorr  .         Reflect  .     (no ring)
SustAt .         Harm     .     (no ring)
MR     .....                    (no ring)
Stlth  ++........               (no ring)
                                (no ring)
                                (no ring)
                                (no ring)

@: confused, not resistant to hostile enchantments, unstealthy
A: almost no armour, amphibious, 8 rings, constrict 8, camouflage 1, gelatinous
body 1
a: no special abilities


You were on level 3 of the Dungeon.
You were not hungry.

You visited 1 branch of the dungeon, and saw 3 of its levels.

You collected 131 gold pieces.

Inventory:

Wands
 o - a wand of random effects (26/48)
Scrolls
 e - 2 scrolls of amnesia {unknown}
 i - 5 scrolls of teleportation {unknown}
 k - 3 scrolls of identify {unknown}
 l - a scroll of enchant armour {unknown}
 m - 2 scrolls of recharging {unknown}
 n - a scroll of enchant weapon {unknown}
 s - a scroll of magic mapping {unknown}
Potions
 c - 2 potions of brilliance {unknown}
 d - a potion of ambrosia
 f - a potion of degeneration {unknown}
 g - a potion of agility {unknown}
 h - 2 potions of might {unknown}
 j - a potion of heal wounds {unknown}
 q - 2 potions of invisibility {unknown}
 r - 3 potions of curing {unknown}
Books
 a - a book of Frost

   Spells                             Type                      Level
   a - Freeze                         Ice                          1
   b - Throw Frost                    Conjuration/Ice              2
   c - Ozocubu's Armour               Charms/Ice                   3
   d - Throw Icicle                   Conjuration/Ice              4
   e - Summon Ice Beast               Ice/Summoning                4
Comestibles
 b - 2 bread rations
 p - 3 fruits
 t - 4 chunks of flesh
 u - a beef jerky


   Skills:
 + Level 3.3 Dodging
 - Level 2.6 Stealth
 + Level 2.6 Spellcasting
   Level 1.0 Conjurations
 + Level 4.0 Ice Magic


You had 4 spell levels left.
You knew the following spells:

 Your Spells              Type           Power        Failure   Level  Hunger
a - Freeze                Ice            ###.         3%          1    #......
b - Ozocubu's Armour      Chrm/Ice       #.......     24%         3    ###....


Dungeon Overview and Level Annotations

Branches:
Dungeon (3/15)

Altars:
Sif Muna
Zin

Annotations:
D:3 1 runed door


Innate Abilities, Weirdness & Mutations

You cannot wear most types of armour.
You are amphibious.
You can wear up to eight rings at the same time.
You can use your tentacles to constrict eight enemies at once.
Your skin changes colour to match your surroundings (Stealth).
Your rubbery body absorbs attacks (AC +1).


Message History

You're too confused to cast spells.
You're too confused!
Unknown command.
You bump into the crystal wall.
The orc wizard gestures at you while chanting.
You are more confused.
The orc wizard hits you with a dagger.
You closely miss the orc wizard. You squeeze the orc wizard.
The orc wizard is moderately wounded.
The orc wizard barely misses you. The orc wizard hits you with a dagger.
The orc wizard casts a spell at you. The magic dart hits you!
* * * LOW HITPOINT WARNING * * *
Drink which item? (? for menu, Esc to quit)
It was a potion of ambrosia.
You are more confused.
You feel invigorated. The orc wizard casts a spell at you.
The magic dart hits you!
You die...

#####
#.oo#
#≈≈≈#
#..@#
#...#
###'###
#.8.8.#
###
#.._..#
###
......#
#.#
##...##
.....
......#
#.# ##.##
#.###.##
......#
#.#####..#
#.......
......#
#......#.#
#.###.##


You could see 2 orc wizards.

Vanquished Creatures
  Jessica (D:2)
  An adder (D:2)
  6 dart slugs
  A giant gecko (D:1)
  4 orcs (D:3)
  6 bats
  4 giant cockroaches (D:2)
  5 goblins
  4 hobgoblins
  5 kobolds
  A quokka (D:3)
  A ball python (D:2)
  3 giant newts
  7 rats
49 creatures vanquished.

Notes
Turn   | Place    | Note
--------------------------------------------------------------
     0 | D:1      | oplop the Octopode Ice Elementalist began the quest for the Orb.
     0 | D:1      | Reached XP level 1. HP: 11/11 MP: 3/3
   104 | D:1      | Reached XP level 2. HP: 17/17 MP: 5/5
   840 | D:1      | Reached XP level 3. HP: 18/21 MP: 6/6
  1238 | D:2      | Learned a level 3 spell: Ozocubu's Armour
  1329 | D:2      | Noticed Jessica
  1340 | D:2      | Killed Jessica
  1340 | D:2      | Reached XP level 4. HP: 16/27 MP: 0/7
  2111 | D:3      | Reached skill level 4 in Ice Magic
  2121 | D:3      | Found a deep blue altar of Sif Muna.
  2141 | D:3      | Found a glowing silver altar of Zin.
  2141 | D:3      | Found a runed door.
  2141 | D:3      | Noticed an angel
  2243 | D:3      | Killed from afar by an orc wizard

Skill      XL: |  1  2  3  4 |
---------------+-------------+-----
Dodging        | 3 |  3.3
Ice Magic      | 4 |  4.0
Stealth        | |  2.6
Spellcasting   | |  2.6
Conjurations   | |  1.0

Action                   |  1- 3 |  4- 6 || total
-------------------------+-------+-------++-------
Melee: Unarmed           |    67 |    55 ||   122
       Constrict         |    19 |    15 ||    34
       Tentacles         |    12 |    12 ||    24
 Cast: Freeze            |    13 |     5 ||    18
  Use: Potion            |       |     1 ||     1
 Stab: Sleeping          |    12 |     7 ||    19
  Eat: Chunk             |     1 |     3 ||     4
Armor: Skin              |     7 |     6 ||    13
Dodge: Dodged            |    36 |    41 ||    77
